 Dungeon Crawl Stone Soup version 0.31-a0-889-g1a8549509d (webtiles) character file.

Game seed: 2859482795801065625

27 Azuregosa the Sneak (level 3, -6/26 HPs)
             Began as an Octopode Delver on Oct 16, 2023.
             Killed from afar by Ijyb (25 damage)
             ... with a bolt of acid
             ... on level 4 of the Dungeon.
             The game lasted 00:01:12 (175 turns).

Azuregosa the Sneak (Octopode Delver)                Turns: 175, Time: 00:01:13

Health: -6/26      AC:  1    Str: 11    XL:     3   Next: 10%
Magic:  3/3        EV: 13    Int: 14    God:
Gold:   0          SH:  0    Dex: 13    Spells: 2/2 levels left

rFire   . . .        h - +0 trident
rCold   . . .        (no shield)
rNeg    . . .        (helmet restricted)
rPois   .            (no amulet)
rElec   .            (no ring)
rCorr   .            (no ring)
SInv    .            (no ring)
Will    .....        (no ring)
Stlth   +++++        (no ring)
HPRegen 0.24/turn    (no ring)
MPRegen 0.08/turn    (no ring)
                     (no ring)

%: no passive effects
@: no status effects
A: almost no armour, amphibious, 8 rings, camouflage 1, gelatinous body 1,
(nimble swimmer 1), tentacles
a: no special abilities


You were on level 4 of the Dungeon.
You visited 1 branch of the dungeon, and saw 3 of its levels.

Inventory:

Hand Weapons
 a - a +0 falchion
 h - a +0 trident (weapon)
Wands
 f - a wand of digging (3)
Scrolls
 b - a scroll of fog
 c - a scroll of blinking {unknown}
 d - a scroll of fear
 g - a scroll of teleportation {unknown}
Potions
 e - a potion of haste
 i - a potion of attraction {unknown}


   Skills:
 - Level 3.0 Fighting
 - Level 2.0 Long Blades
 - Level 2.0 Dodging
 + Level 7.9 Stealth


You had 2 spell levels left.
You didn't know any spells.
Your spell library was empty.

Dungeon Overview and Level Annotations

Branches:
Dungeon (6/15)
 Temple: D:4-7

Altars:

Annotations:
D:4 Ijyb


Innate Abilities, Weirdness & Mutations

You cannot wear most types of armour.
You are amphibious.
You can wear up to eight rings at the same time.
Your skin changes colour to match your surroundings (Stealth+).
Your rubbery body absorbs attacks. (AC +1, EV +1)
((You are camouflaged when in or above water. (Stealth+)))
You have tentacles for arms and can constrict up to eight enemies at once.


Message History

You destroy the sleepcap!
Your Stealth skill increases to level 7!
You have reached level 2!
You have reached level 3!
Your experience leads to an increase in your attributes!
Increase (S)trength, (I)ntelligence, or (D)exterity?
You feel clever. x2
You start resting.
HP restored.
You enter the deep water.
Found a stone staircase leading down.
Found a smoky blue potion.
There is a stone staircase leading down here.
Ijyb the Twisted Goblin comes into view.
She is wielding a +0 dagger and carrying a wand of acid.
You see here a smoky blue potion.
You see here a smoky blue potion.
i - a smoky blue potion Reach: h) +0 trident
Press: ? - help, Dir - move target, f - Ijyb
Aim: Ijyb, wielding a +0 dagger, wearing a +0 ring mail and carrying a wand of acid (asleep, about 2% to evade your +0 trident)
You reach to attack!
The helpless Ijyb fails to defend herself.
You hit Ijyb but do no damage. You closely miss Ijyb. You grab Ijyb.
You constrict Ijyb, but do no damage.
Ijyb zaps a wand.
The bolt of acid misses you.
You hit Ijyb but do no damage. You squeeze Ijyb, but do no damage.
You constrict Ijyb, but do no damage. Ijyb barely misses you.
Ijyb hits you with a +0 dagger.
You hit Ijyb but do no damage. You squeeze Ijyb.
Ijyb is lightly wounded.
You constrict Ijyb, but do no damage. Ijyb completely misses you.
You barely miss Ijyb.
Ijyb is lightly wounded.
You constrict Ijyb. Ijyb hits you with a +0 dagger.
You hit Ijyb but do no damage.
Ijyb is moderately wounded.
You constrict Ijyb. Ijyb misses you.
Ijyb zaps a wand.
The bolt of acid hits you!!
Ouch! That really hurt!
You die...

##################
...≈.......>.....#
###≈..#.###.####.#
#≈..~.# #.# #.#
#≈....# #.# #@#
#≈~..## #.# #g#
#≈~.## #.# #.#
#≈### #.# #.# ###
#.# #.# #.# #.#
#.#


You could see Ijyb.

Vanquished Creatures
  A sleepcap (D:4)
  A quokka (D:4)
2 creatures vanquished.

Notes
Turn   | Place    | Note
-------+----------+-------------------------------------------
     0 | D:5      | Azuregosa the Octopode Delver began the quest for the Orb.
     0 | D:5      | Reached XP level 1. HP: 16/16 MP: 1/1
    18 | D:6      | Noticed a water moccasin
    50 | D:4      | Noticed a sleepcap
    64 | D:4      | Killed a sleepcap
    65 | D:4      | Reached skill level 7 in Stealth
    65 | D:4      | Reached XP level 2. HP: 14/21 MP: 2/2
    65 | D:4      | Reached XP level 3. HP: 17/26 MP: 3/3
   162 | D:4      | Noticed Ijyb
   175 | D:4      | Killed from afar by Ijyb

Illustrated notes

Levels and vault maps discovered:
D:4:      layout_basic, serial_rivers, chequers_serial_rivers_room_a,
          chequers_serial_rivers_marsh, chequers_serial_rivers_small_a,
          chequers_serial_rivers_room_a, chequers_serial_rivers_micro_e,
          chequers_serial_rivers_small_3, guppyfry_early_lair_pool, uniq_pikel,
          uniq_ijyb
D:5:      layout_loops_cross, ashenzari_altar_1, minmay_temple_entry_glass
D:6:      layout_loops_cross, serial_shops, nicolae_shop_window_shopping,
          minmay_circle_x, uniq_duvessa

Skill      XL: |  1 |
---------------+----+-----
Stealth        | 7 |  7.9
Fighting       | |  3.0
Long Blades    | |  2.0
Dodging        | |  2.0

Action                     || total
---------------------------++-------
  Melee: Trident           ||    15
         Tentacles         ||     4
         Constrict         ||     2
    Use: Scroll            ||     1
   Stab: Sleeping          ||     2
 Armour: Skin              ||     5
  Dodge: Dodged            ||     8

Table legend: (Time is in decaauts)
 A = Elapsed time spent in this place.
 B = Non-inter-level travel time spent in this place.
 C = Inter-level travel time spent in this place.
 D = Time resting spent in this place.
 E = Time spent auto-exploring this place.
 F = Levels seen in this place.
 G = Mean time per level.
                   A        B        C        D        E       F      G
               +--------+--------+--------+--------+--------+-----+--------+
         Total |    178 |    178 |      0 |     36 |     51 |   3 |   59.3 |
       Dungeon |    178 |    178 |      0 |     36 |     51 |   3 |   59.3 |
               +--------+--------+--------+--------+--------+-----+--------+

Top non-repeatable levels by time:
     D:4: 131 daAuts
     D:6: 33 daAuts
     D:5: 13 daAuts
